 Dungeon Crawl Stone Soup version 0.29-a0-834-g1e95ca9f62 (webtiles) character file.

Game seed: 3012975252174428095

690 buhh the Shooter (level 7, 0/58 HPs)
             Began as a Formicid Hunter on July 13, 2022.
             Killed from afar by an orc wizard (7 damage)
             ... with a puff of flame
             ... on level 6 of the Dungeon.
             The game lasted 00:05:58 (3815 turns).

buhh the Shooter (Formicid Hunter)                  Turns: 3815, Time: 00:05:59

Health: 0/58       AC:  4    Str: 15    XL:     7   Next: 95%
Magic:  7/7        EV: 12    Int:  9    God:
Gold:   213        SH:  0    Dex: 19    Spells: 6/6 levels left

rFire   . . .      SeeInvis +   b - +0 shortbow
rCold   . . .      Faith    .   (no shield)
rNeg    . . .      Spirit   .   d - +0 leather armour
rPois   .          Reflect  .   (helmet unavailable)
rElec   .          Harm     .   (no cloak)
rCorr   .          Rampage  .   n - +0 pair of gloves
Will    .....                   (no boots)
Stlth   +.........              (no amulet)
HPRegen 0.19/turn               (no ring)
MPRegen 0.10/turn               (no ring)

@: confused, lethally poisoned (0 -> -8)
A: permanent stasis, dig shafts and tunnels, antennae 3, four strong arms
a: Dig, Shaft Self


You were on level 6 of the Dungeon.
You visited 1 branch of the dungeon, and saw 6 of its levels.

You collected 213 gold pieces.

Inventory:

Hand Weapons
 b - a +0 shortbow (weapon)
Armour
 d - a +0 leather armour (worn)
 n - a +0 pair of gloves (worn)
Magical Staves
 e - a staff of death
Scrolls
 a - 3 scrolls of identify {!d}
 c - 3 scrolls of teleportation {!d!d}
 f - 3 scrolls of fog
 g - 3 scrolls of amnesia
 p - a scroll of fear {!d}
 q - a scroll of silence {!r}
 r - 4 scrolls of blinking {unknown}
 t - a scroll of torment {unknown}
Potions
 h - a potion of resistance {unknown}
 i - 2 potions of might {unknown}
 j - a potion of flight {unknown}
 k - 4 potions of attraction {unknown}
 m - a potion of ambrosia {unknown}
 o - a potion of heal wounds {unknown}
 s - a potion of mutation {unknown}
 u - a potion of berserk rage {unknown}
 v - 2 potions of brilliance {unknown}


   Skills:
 + Level 6.2 Fighting
 + Level 6.7 Ranged Weapons
 - Level 2.4 Dodging
 - Level 2.8 Stealth


You had 6 spell levels left.
You didn't know any spells.
Your spell library contained the following spells:

 Spells                   Type           Power      Damage    Failure   Level
 Apportation              Tloc           0%         N/A       45%         1
 Necrotise                Necr           0%         1d4       45%         1
 Sandblast                Erth           0%         2d4       45%         1
 Summon Small Mammal      Summ           0%         N/A       45%         1
 Passwall                 Tmut/Erth      0%         N/A       58%         2
 Stone Arrow              Conj/Erth      0%         3d7       83%         3
 Animate Dead             Necr           0%         N/A       99%         4
 Borgnjor's Vile Clutch   Necr/Erth      0%         N/A       100%        5
 Death Channel            Necr           0%         N/A       100%        6


Dungeon Overview and Level Annotations

Branches:
Dungeon (6/15) Zot: 26268
 Temple: D:4-7

Altars:
Cheibriados
Dithmenos
Elyvilon
Nemelex Xobeh
Okawaru
Qazlal

Shops:
D:1 [

Annotations:
D:4 exclusion: downstairs
D:5 exclusion: jelly


Innate Abilities, Weirdness & Mutations

You cannot be hasted, slowed, berserked, paralysed or teleported.
You can dig through walls and to a lower floor.
You have a pair of large antennae on your head. (SInv)
Your four strong arms can wield two-handed weapons with a shield.


Message History

The orc wizard hits you with a +1 dagger of venom.
You are more poisoned.
You shoot an arrow. The arrow hits the orc wizard.
The orc wizard is almost dead.
You feel very sick.
The orc wizard hits you but does no damage.
You are more poisoned.
The orc barely misses you.
The orc wizard hits you but does no damage.
You are more poisoned.
The orc hits you with a +0 club.
You shoot an arrow. The arrow barely misses the orc wizard.
You feel very sick. The orc hits you but does no damage.
The orc wizard points at you and mumbles some strange words.
You are confused.
You shoot an arrow.
You feel very sick. The orc misses you.
The orc wizard hits you with a +1 dagger of venom.
You are more poisoned.
You shoot an arrow.
You feel very sick. The orc hits you but does no damage.
The orc wizard casts a spell at you.
You are more confused.
You shoot an arrow.
You feel very sick. The orc closely misses you.
The orc wizard points at you and mumbles some strange words.
The magic dart hits you!
* * * LOW HITPOINT WARNING * * *
You shoot an arrow.
* * * LOW HITPOINT WARNING * * *
You feel very sick.
The orc wizard hits you but does no damage.
The orc misses you.
The orc wizard gestures at you while chanting.
The puff of flame hits you!
You die...

.##########.......#
.......## #.#.....# .
........###†#.....# .
.........##.####### .#
.......#'##.########'###
.......+_'..............
.......#'###......).....
.......#..##.....o......
#########.......@o.#+
#...######.# #...# #
#...# #...# #...# #...#
#...#


You could see an orc wizard and an orc.

Vanquished Creatures
  2 orc priests
  A gnoll bouda (D:5)
  4 hounds
  Jessica (D:3)
  An iguana (D:5)
  6 orc wizards
  5 gnolls (D:5)
  8 adders
  2 worms (D:2)
  3 dart slugs
  16 orcs
  4 ball pythons
  5 bats
  8 endoplasms
  4 giant cockroaches
  7 goblins
  6 hobgoblins
  6 jackals
  7 kobolds
  3 quokkas
  2 frilled lizards
  4 rats
105 creatures vanquished.

Vanquished Creatures (others)
  2 orc wizards (D:4)
  An orc (D:5)
  A quokka (D:5)
4 creatures vanquished.

Grand Total: 109 creatures vanquished

Notes
Turn   | Place    | Note
-------+----------+-------------------------------------------
     0 | D:1      | buhh the Formicid Hunter began the quest for the Orb.
     0 | D:1      | Reached XP level 1. HP: 16/16 MP: 1/1
    32 | D:1      | Reached XP level 2. HP: 23/23 MP: 2/2
    64 | D:1      | Found Ucug's Armour Shop.
   240 | D:1      | Reached XP level 3. HP: 28/28 MP: 3/3
   559 | D:2      | Reached XP level 4. HP: 34/34 MP: 4/4
   805 | D:2      | Found a faded altar of an unknown god.
   959 | D:3      | Found a shadowy altar of Dithmenos.
  1240 | D:3      | Reached XP level 5. HP: 38/41 MP: 5/5
  1507 | D:3      | Noticed Jessica
  1509 | D:3      | Killed Jessica
  1510 | D:3      | Reached skill level 5 in Ranged Weapons
  1721 | D:3      | Reached XP level 6. HP: 48/48 MP: 6/6
  2032 | D:5      | Entered Level 5 of the Dungeon
  2154 | D:5      | Reached skill level 5 in Fighting
  2198 | D:5      | Noticed an ice beast
  2306 | D:4      | Reached XP level 7. HP: 35/56 MP: 7/7
  2532 | D:4      | Found a stormy altar of Qazlal.
  2536 | D:4      | Found a sparkling altar of Nemelex Xobeh.
  2540 | D:4      | Found a snail-covered altar of Cheibriados.
  2980 | D:5      | Found a white marble altar of Elyvilon.
  3772 | D:6      | Found an iron altar of Okawaru.
  3815 | D:6      | Killed from afar by an orc wizard

Illustrated notes

Levels and vault maps discovered:
D:1:      minmay_arrival_five_plusses, layout_rooms, serial_shops, shop,
          st_stairs_12
D:2:      layout_rooms, shapermc_ecumenical_altar_totnotflames,
          minmay_tromino_i2
D:3:      layout_basic, nicolae_dithmenos_shadow_blocks, minmay_misc_feat_tower,
          minmay_misc_feat_ornament, fountainhead, uniq_jessica
D:4:      layout_basic, grunt_temple_overflow_diamond
D:5:      layout_rooms, elyvilon_altar_4
D:6:      layout_basic, kennysheep_mini

Skill      XL: |  1  2  3  4  5  6  7 |
---------------+----------------------+-----
Dodging        | 2 |  2.4
Stealth        | 2 |  2.8
Fighting       | 3 4 5 6 |  6.2
Ranged Weapons | 5 6 |  6.7

Action                   |  1- 3 |  4- 6 |  7- 9 || total
-------------------------+-------+-------+-------++-------
 Fire: Shortbow          |    65 |   160 |   112 ||   337
 Abil: Dig               |     1 |       |       ||     1
  Use: Scroll            |       |     5 |     2 ||     7
Armor: Leather armour    |     5 |    13 |     9 ||    27
Dodge: Dodged            |    16 |    39 |    19 ||    74

Table legend: (Time is in decaauts)
 A = Elapsed time spent in this place.
 B = Non-inter-level travel time spent in this place.
 C = Inter-level travel time spent in this place.
 D = Time resting spent in this place.
 E = Time spent auto-exploring this place.
 F = Levels seen in this place.
 G = Mean time per level.
                   A        B        C        D        E       F      G
               +--------+--------+--------+--------+--------+-----+--------+
         Total |   3906 |   3796 |    110 |    650 |   2427 |   6 |  651.0 |
       Dungeon |   3906 |   3796 |    110 |    650 |   2427 |   6 |  651.0 |
               +--------+--------+--------+--------+--------+-----+--------+

Top non-repeatable levels by time:
     D:3: 914 daAuts
     D:4: 861 daAuts
     D:6: 730 daAuts
     D:2: 562 daAuts
     D:1: 421 daAuts
     D:5: 416 daAuts
